 Dungeon Crawl Stone Soup version 0.25-a0-474-ga8a2ee3166 (webtiles) character file.

Game seed: 8397189676718998488, levelgen mode: deterministic

13926 RedPan the Frost Mage (level 11, 0/80 HPs)
             Began as a Green Draconian Ice Elementalist on Feb 8, 2020.
             Was the Champion of Ru.
             Slain by an elephant (8 damage)
             ... on level 2 of the Lair of Beasts.
             The game lasted 00:35:35 (13136 turns).

RedPan the Frost Mage (DrIE)                       Turns: 13136, Time: 00:35:36

Health: 0/80       AC: 10    Str: 11    XL:     11   Next: 82%
Magic:  1/20       EV: 18    Int: 19    God:    Ru [******]
Gold:   718        SH:  0    Dex: 11    Spells: 8/23 levels left

rFire    . . .     SeeInvis .   d - +2 scimitar (vorpal)
rCold    + . .     Gourm    .   (no shield)
rNeg     . . .     Faith    .   (armour unavailable)
rPois    +         Spirit   .   (helmet restricted)
rElec    .         Reflect  .   (no cloak)
rCorr    .         Harm     .   n - +0 pair of gloves
MR       .....                  E - +1 pair of boots
Stlth    ++........             e - amulet of the acrobat
HPRegen  0.23/turn              A - +3 ring of evasion
MPRegen  0.17/turn              I - ring of protection from cold

@: very slightly contaminated
A: breathe noxious fumes, unfitting armour, frail 1, poison resistance,
cold-blooded, inability to use devices, cowardly, unskilled 1, AC +7
a: Breathe Noxious Fumes, Draw Out Power, Power Leap, Apocalypse, Renounce
Religion


You were on level 2 of the Lair of Beasts.
You worshipped Ru.
Ru was exalted by your worship.
You were hungry.

You visited 2 branches of the dungeon, and saw 12 of its levels.

You collected 718 gold pieces.

Inventory:

Hand Weapons
 d - a +2 vorpal scimitar (weapon)
 v - a +6 club
 D - a +0 flail of draining
Armour
 n - a +0 pair of gloves (worn)
 E - a +1 pair of boots (worn)
 K - a +2 shield
Jewellery
 c - a +2 amulet of reflection
 e - an amulet of the acrobat (around neck)
 m - an uncursed ring of wizardry
 p - an uncursed ring of see invisible
 r - an uncursed ring of fire
 s - an uncursed ring of protection from magic
 A - a +3 ring of evasion (left hand)
 F - an uncursed ring of protection from magic
 G - a +4 ring of dexterity
 I - a ring of protection from cold (right hand)
 J - a +3 ring of evasion
Scrolls
 h - 3 scrolls of enchant weapon
 k - a scroll of amnesia
 l - 2 scrolls of identify
 q - 8 scrolls of teleportation
 t - 2 scrolls of remove curse
 y - 2 scrolls of fog
 B - 2 scrolls of fear
 H - 2 scrolls of blinking
Potions
 a - a potion of invisibility
 f - 2 potions of haste
 g - a potion of magic
 i - 3 potions of flight
 j - 6 potions of curing
 o - 5 potions of agility
 w - a potion of cancellation
 x - a potion of might
 z - a potion of heal wounds
 C - 2 potions of lignification
Comestibles
 b - 9 rations
 u - 8 chunks of flesh


   Skills:
 - Level 6.0 Fighting
 + Level 5.9 Long Blades
 + Level 7.6 Dodging
 - Level 1.7 Stealth
 + Level 6.5 Spellcasting
 - Level 2.0 Conjurations
 - Level 2.0 Charms
 + Level 7.2 Summonings
 - Level 9.1 Ice Magic


You had 8 spell levels left.
You knew the following spells:

 Your Spells              Type           Power        Failure   Level  Hunger
a - Freeze                Ice            ####         1%          1    None
b - Frozen Ramparts       Ice            #####.       1%          3    ##.....
c - Summon Ice Beast      Ice/Summ       #####...     3%          4    ####...
d - Ozocubu's Armour      Chrm/Ice       ####....     3%          3    ##.....
e - Hailstorm             Conj/Ice       ####....     11%         4    ####...

Your spell library contained the following spells:

 Spells                   Type           Power        Failure   Level  Hunger
 Recall                   Summ/Tloc      N/A          8%          3    ##.....
 Beastly Appendage        Tmut           #.....       11%         1    None
 Sticks to Snakes         Tmut           #.......     16%         2    None
 Ice Form                 Ice/Tmut       ###.....     16%         4    ####...
 Spider Form              Tmut/Pois      #.........   32%         3    ##.....
 Animate Dead             Necr           N/A          71%         4    ####...
 Simulacrum               Ice/Necr       ###.......   94%         6    #######
 Blade Hands              Tmut           #.........   96%         5    #####..
 Borgnjor's Vile Clutch   Necr/Erth      #.........   96%         5    #####..
 Death Channel            Necr           #.........   100%        6    #######


Dungeon Overview and Level Annotations

Branches:
Dungeon (10/15)            Temple (0/1) D:5            Lair (2/6) D:10
 Spider (0/4) Lair:2          Orc (0/2) D:10
  Swamp: Lair:2-4    Shoals: Lair:2-4

Altars:
Cheibriados
Elyvilon
Hepliaklqana
Makhleb
Qazlal
Ru
Sif Muna
Trog
Uskayaw
Wu Jian
Yredelemnul
The Shining One

Annotations:
D:10 2 transporters, Zarkath's ghost, journeyman BaMo


Innate Abilities, Weirdness & Mutations

You can breathe blasts of noxious fumes.
Your lurid green scales are hard. (AC +7)
You cannot fit into any form of body armour.
You are frail. (-10% HP)
Your system is resistant to poisons. (rPois)
You are cold-blooded and may be slowed by cold attacks.
You cannot study or use magical devices.
Your cowardice makes you less effective in combat with threatening monsters.
You are somewhat unskilled. (-1 Apt)


Message History

Unknown command.
You barely miss the elephant.
You tail-slap the elephant, but do no damage.
The elephant is almost dead.
The elephant is no longer encased in ice.
The elephant misses you.
You riposte.
You barely miss the elephant.
You tail-slap the elephant, but do no damage.
The elephant is almost dead.
The elephant misses you.
You hit the elephant but do no damage.
The elephant is almost dead.
The elephant tramples you.
* * * LOW HITPOINT WARNING * * *
You stumble backwards!
Your ice beast hits the elephant but does no damage.
Unknown command.
You completely miss the elephant.
The elephant is almost dead.
The elephant tramples you!
You die...

...##. #..... ....#.#
##....... .......
#P....... ..... ####
#........
##..##P.###........
##...?.÷...#......##### .
#......%...###....##..##P.
##..#.#.....#.............
#.......@Y.÷.......P####.
#..#P#..Y..#..##....# #..
#...###....##..##...## #..
##..#...........#...# ##..
P..............#P..# #...
#...#...............# #...
..............#...# #..^
..............##..# #...
...............#..###...


You could see an elephant and a friendly ice beast.

Vanquished Creatures
  A hydra (Lair:1)
  A two-headed ogre (D:8)
  8 elephants (Lair:2)
  A komodo dragon (Lair:1)
  A troll (D:10)
  A hornet (D:10)
  4 hippogriffs
  A redback (Lair:2)
  A warg (D:10)
  A water moccasin (Lair:1)
  2 porcupines
  5 orc warriors
  4 ice beasts
  A necrophage (D:8)
  2 phantoms (D:10)
  3 ogres
  3 wolves (Lair:2)
  2 centaurs
  4 bullfrogs
  A wyvern skeleton (D:9)
  6 scorpions
  6 killer bees
  A wight (D:8)
  2 howler monkeys
  4 crimson imps
  A quasit (D:3)
  4 bullfrog zombies
  A centaur zombie (D:6)
  A wyvern simulacrum (D:9)
  6 orc priests
  3 hounds
  4 jellies
  Ijyb (D:4)
  Natasha (twice) (D:3)
  5 iguanas
  11 orc wizards
  10 worker ants
  A hound zombie (D:8)
  2 hound skeletons
  A mummy (D:8)
  7 gnolls (D:6)
  9 adders
  2 river rats (D:4)
  3 shadow imps
  4 white imps (D:9)
  2 oozes
  An adder zombie (D:8)
  3 adder skeletons
  3 worms
  2 dart slugs (D:4)
  An adder simulacrum (D:9)
  8 leopard geckos
  40 orcs
  3 ball pythons
  6 bats
  13 giant cockroaches
  2 goblins
  4 hobgoblins
  4 jackals
  7 kobolds
  7 frilled lizards
  A leopard gecko zombie (D:6)
  4 quokka skeletons
  3 quokka zombies
  4 rats
262 creatures vanquished.

Vanquished Creatures (collateral kills)
  Harold (D:7)
  A two-headed ogre (D:8)
  An ugly thing (D:10)
  5 elephants (Lair:2)
  A troll (D:9)
  A wyvern (D:10)
  A hungry ghost (D:9)
  2 wargs (D:10)
  Edmund (D:4)
  A porcupine (Lair:2)
  4 orc warriors
  3 black bears
  2 ice beasts
  A necrophage (D:8)
  A wolf (Lair:2)
  2 centaurs (D:7)
  A big kobold (D:7)
  4 bullfrogs
  A killer bee (D:10)
  A bullfrog zombie (D:7)
  A howler monkey (D:8)
  3 orc priests
  A hound (D:8)
  4 orc wizards
  An iguana (D:7)
  A worker ant (D:7)
  2 adders
  A white imp (D:9)
  An adder simulacrum (D:9)
  6 orcs
  A quokka simulacrum (D:9)
57 creatures vanquished.

Vanquished Creatures (others)
  A bullfrog zombie (D:5)
  A hound (D:10)
  An orc priest (D:8)
  74 fungi (Lair:2)
  40 plants (Lair:2)
117 creatures vanquished.

Grand Total: 436 creatures vanquished

Notes
Turn   | Place    | Note
-------+----------+-------------------------------------------
     0 | D:1      | RedPan the Draconian Ice Elementalist began the quest for
                  | the Orb.
     0 | D:1      | Reached XP level 1. HP: 14/14 MP: 3/3
   218 | D:1      | Reached XP level 2. HP: 20/20 MP: 0/5
   764 | D:2      | Found a sacrificial altar of Ru.
   764 | D:2      | Found a bloodstained altar of Trog.
   769 | D:2      | Found a hide-covered altar of Uskayaw.
   769 | D:2      | Found a white marble altar of Elyvilon.
   774 | D:2      | Became a worshipper of Ru the Awakened
  1009 | D:2      | Reached XP level 3. HP: 26/26 MP: 1/7
  1320 | D:2      | Learned a level 3 spell: Frozen Ramparts
  1905 | D:3      | Reached XP level 4. HP: 33/33 MP: 3/8
  2104 | D:3      | Gained mutation: You are frail. (-10% HP) [Ru sacrifice]
  2104 | D:3      | Reached * piety under Ru
  2104 | D:3      | Reached ** piety under Ru
  2115 | D:3      | Noticed Natasha
  2121 | D:3      | Killed Natasha
  2121 | D:3      | Reached skill level 5 in Ice Magic
  2148 | D:3      | Reached XP level 5. HP: 34/34 MP: 0/10
  2292 | D:3      | Learned a level 4 spell: Summon Ice Beast
  2296 | D:3      | Learned a level 3 spell: Ozocubu's Armour
  2418 | D:3      | Found a stormy altar of Qazlal.
  3038 | D:4      | Noticed Edmund
  3144 | D:4      | Reached skill level 1 in Summonings
  3157 | D:4      | Noticed Ijyb
  3172 | D:4      | Killed Ijyb
  3172 | D:4      | Reached XP level 6. HP: 30/40 MP: 1/12
  3268 | D:4      | Found a snail-covered altar of Cheibriados.
  3495 | D:4      | Reached skill level 6 in Ice Magic
  3645 | D:4      | Killed Edmund
  3725 | D:4      | Your scales start taking on a lurid green colour.
  3725 | D:4      | Reached XP level 7. HP: 42/45 MP: 10/14
  3725 | D:4      | Gained mutation: Your system is resistant to poisons.
                  | (rPois) [Green Draconian growth]
  4111 | D:3      | Noticed Natasha
  4113 | D:3      | Killed Natasha
  4188 | D:5      | Entered Level 5 of the Dungeon
  4394 | D:5      | Reached skill level 5 in Spellcasting
  4598 | D:5      | Found a staircase to the Ecumenical Temple.
  4764 | D:5      | Gained mutation: You are somewhat unskilled. (-1 Apt) [Ru
                  | sacrifice]
  4764 | D:5      | Reduced skill Dodging to level 1
  4764 | D:5      | Reduced skill Stealth to level 1
  4764 | D:5      | Reached *** piety under Ru
  4839 | D:5      | Reached skill level 5 in Spellcasting
  4898 | D:5      | Reached XP level 8. HP: 51/51 MP: 11/15
  5091 | D:5      | Learned a level 4 spell: Hailstorm
  5112 | D:6      | You fall into a shaft and drop 1 floor!
  5226 | D:7      | Found an ornate altar of the Wu Jian Council.
  5305 | D:6      | Reached skill level 1 in Conjurations
  5305 | D:6      | Reached skill level 1 in Charms
  5934 | D:6      | Found a hazy altar of Hepliaklqana.
  6064 | D:6      | Reached skill level 7 in Ice Magic
  6457 | D:6      | Reached skill level 5 in Summonings
  6717 | D:7      | Found a basalt altar of Yredelemnul.
  6724 | D:7      | Noticed Harold
  6746 | D:7      | Killed Harold
  6746 | D:7      | Reached XP level 9. HP: 25/60 MP: 16/16
  7100 | D:7      | Reached skill level 8 in Ice Magic
  7347 | D:8      | Found a shimmering blue altar of Sif Muna.
  7363 | D:8      | Gained mutation: Your cowardice makes you less effective in
                  | combat with threatening monsters. [Ru sacrifice]
  7363 | D:8      | Reached **** piety under Ru
  7363 | D:8      | Reached ***** piety under Ru
  7950 | D:8      | Noticed a two-headed ogre
  7966 | D:8      | Killed a two-headed ogre
  7966 | D:8      | Reached skill level 5 in Dodging
  7966 | D:8      | Reached skill level 9 in Ice Magic
  7966 | D:8      | Reached XP level 10. HP: 64/70 MP: 3/17
  8237 | D:8      | Noticed a two-headed ogre
  8247 | D:8      | Killed a two-headed ogre
  8247 | D:8      | Reached skill level 1 in Long Blades
  8495 | D:8      | Found a glowing golden altar of the Shining One.
  9182 | D:9      | Reached skill level 5 in Fighting
  9498 | D:9      | Found a burning altar of Makhleb.
  9752 | D:9      | Gained mutation: You cannot study or use magical devices.
                  | [Ru sacrifice]
  9752 | D:9      | Reached ****** piety under Ru
 10090 | D:10     | Entered Level 10 of the Dungeon
 10090 | D:10     | Found a transporter.
 10134 | D:10     | Noticed Zarkath's ghost (journeyman BaMo)
 10162 | D:10     | Found a transporter.
 10365 | D:10     | Found a staircase to the Lair.
 10812 | D:10     | Noticed a brown ugly thing
 10824 | D:10     | Killed a brown ugly thing
 10824 | D:10     | Reached XP level 11. HP: 60/80 MP: 3/18
 11028 | D:10     | Found a staircase to the Orcish Mines.
 11430 | Lair:1   | Entered Level 1 of the Lair of Beasts
 11442 | Lair:1   | Noticed a seven-headed hydra
 11466 | Lair:1   | Killed an eight-headed hydra
 12189 | Lair:2   | Found a hole to the Spider Nest.
 12669 | Lair:2   | Reached skill level 5 in Long Blades
 13136 | Lair:2   | Slain by an elephant

Levels and vault maps discovered:
D:1:      minmay_arrival_solitary_statue, layout_rooms, minmay_pentomino_u4
D:2:      layout_loops_corners, grunt_temple_overflow_open
D:3:      layout_basic, grunt_qazlal_clouds, uniq_natasha
D:4:      layout_loops_ring, kennysheep_slug_shrine, gup_sewer_entry_spiral,
          chequers_serial_rivers_micro_a, uniq_edmund, uniq_ijyb
D:5:      layout_basic, minmay_temple_entry_tees, first_ration
D:6:      layout_basic, lemuel_doored_altar
D:7:      layout_basic, old_standard_altar, kennysheep_little_box, uniq_harold
D:8:      layout_basic, lemuel_crystal_altar, nicolae_overflow_crystal_walls,
          serial_undead, serial_undead_a, serial_undead_b, serial_undead_d,
          serial_undead_c, grunt_pizzeria
D:9:      lemuel_ice_spiral_2, layout_irregular_city, lemuel_round_altar,
          serial_ice, serial_ice_c, serial_ice_j, serial_ice_f, serial_ice_m,
          item_on_display_a
D:10:     layout_gridville, erik_lair_orcish_takeover, orc_0_dummy,
          gammafunk_ghost_mausoleum
Lair:1:   layout_layer_cave
Lair:2:   mu_elephants_graveyard, layout_gridlike, swamp_mist,
          spider_nest_entry_webs, basic_altar, chequers_serial_rivers_marsh,
          serial_bayou_lagoon_a

Skill      XL: |  1  2  3  4  5  6  7  8  9 10 11 |
---------------+----------------------------------+-----
Stealth        | 2 1 |  1.7
Dodging        | 2 1 2 5 6 7 |  7.6
Spellcasting   | 3 4 5 6 |  6.5
Ice Magic      | 5 6 7 9 |  9.1
Summonings     | 1 2 3 5 7 |  7.2
Conjurations   | 2 |  2.0
Charms         | 2 |  2.0
Fighting       | 2 4 6 |  6.0
Long Blades    | 4 5 |  5.9

Action                   |  1- 3 |  4- 6 |  7- 9 | 10-12 || total
-------------------------+-------+-------+-------+-------++-------
Melee: Short sword       |    59 |    22 |       |       ||    81
       Unarmed           |     3 |       |       |       ||     3
       Tailslap          |     4 |     2 |    14 |    44 ||    64
       Club              |       |    23 |   114 |       ||   137
       Scimitar          |       |       |    46 |   266 ||   312
 Cast: Freeze            |    44 |    41 |   108 |    11 ||   204
       Frozen Ramparts   |     1 |    10 |    21 |    41 ||    73
       Summon Ice Beast  |       |     2 |    24 |    56 ||    82
       Ozocubu's Armour  |       |       |       |     6 ||     6
       Hailstorm         |       |       |       |     1 ||     1
Invok: Sacrifice Health  |       |     1 |       |       ||     1
       Sacrifice Skill   |       |       |     1 |       ||     1
       Draw Out Power    |       |       |     1 |     1 ||     2
       Sacrifice Courage |       |       |     1 |       ||     1
       Sacrifice Artific |       |       |       |     1 ||     1
 Abil: Breathe Noxious F |       |       |     1 |       ||     1
  Use: Scroll            |     7 |     1 |    13 |     6 ||    27
       Potion            |       |       |     6 |     1 ||     7
 Stab: Sleeping          |     2 |       |     2 |     2 ||     6
       Distracted        |       |       |     1 |     4 ||     5
       Invisible         |       |       |       |     8 ||     8
       Paralysed         |       |       |       |     1 ||     1
  Eat: Chunk             |     3 |     4 |    15 |    24 ||    46
       Ration            |       |     1 |     1 |     1 ||     3
Armor: Skin              |    49 |    26 |    66 |    83 ||   224
Dodge: Dodged            |    80 |    51 |   212 |   377 ||   720
       Rpst.: Scimitar   |       |       |    19 |    78 ||    97

Table legend:
 A = Non-vault XP
 B = Vault XP
 C = Vault XP percentage of total XP
 D = Non-vault monster count
 E = Vault monster count
 F = Vault count percentage of total count
                 A         B        C        D         E       F
            +---------+---------+-------+---------+---------+-------
      Total |   14814 |    5081 |  25.5 |     275 |      47 |  14.6
            +---------+---------+-------+---------+---------+-------
        D:1 |      30 |       2 |   6.2 |      18 |       1 |   5.3
        D:2 |      50 |       0 |   0.0 |      15 |       0 |   0.0
        D:3 |     191 |      36 |  15.9 |      21 |       1 |   4.5
        D:4 |     320 |     218 |  40.5 |      20 |      11 |  35.5
        D:5 |     593 |       0 |   0.0 |      22 |       0 |   0.0
        D:6 |     978 |       0 |   0.0 |      25 |       0 |   0.0
        D:7 |    1256 |     593 |  32.1 |      36 |       1 |   2.7
        D:8 |    2509 |     488 |  16.3 |      31 |       8 |  20.5
        D:9 |    1236 |     229 |  15.6 |      29 |      10 |  25.6
       D:10 |    2662 |     427 |  13.8 |      40 |       7 |  14.9
     Lair:1 |    1753 |       0 |   0.0 |       5 |       0 |   0.0
     Lair:2 |    3236 |    3088 |  48.8 |      13 |       8 |  38.1
            +---------+---------+-------+---------+---------+-------
